Map: 카탈리스트 - 래더

Players

Optimus

  • Race: Terran Terran
  • League: Master
  • Spawn Location: 5:00

Solar - Winner!

  • Race: Zerg Zerg
  • Spawn Location: 11:00

Event: HomeStory Cup XVII

VOD

Have the link to the VOD?

Description

Time

  • Played on: June 28, 2018, 2:48 p.m.
  • Length: 3:23

All games in this series

Show
View Real Time Build Order
Export as new Build Order

Optimus Terran 

Build Orders:  

Get SALT Encoding   

  12  0:00  SCV  
  13  0:12  SCV  
  14  0:17  Supply Depot  
  14  0:25  SCV  
  15  0:51  Barracks  
  15  0:55  Engineering Bay  
  15  1:01  Barracks  
  15  1:06  SCV  
  15  1:19  SCV  
  15  1:23  Refinery  
  16  1:31  SCV  
  17  1:38  Marine  
  18  1:45  Orbital Command  
  18  1:49  Marine  
  18  1:51  Supply Depot  
  19  1:56  Marine  
  20  2:06  Marine  
  21  2:14  Marine  
  22  2:17  SCV  
  23  2:23  Factory  
  23  2:27  Bunker, Marine  
  24  2:31  Marine  
  24  2:35  SCV  
  24  2:45  Marine  
  24  2:47  SCV  
  24  2:49  Marine  
  27  2:59  SCV  
  27  3:03  Marine  
  29  3:11  Supply Depot  
Show
View Real Time Build Order
Export as new Build Order

Solar Zerg - Winner!

Build Orders: Pool First 

Get SALT Encoding   

  12  0:00  Drone  
  13  0:13  Overlord  
  13  0:17  Drone  
  14  0:31  Drone x2  
  14  0:35  Drone  
  17  0:47  Spawning Pool  
  16  0:52  Drone, Extractor  
  16  0:56  Drone  
  17  1:07  Drone  
  18  1:17  Drone  
  19  1:35  Queen  
  19  1:36  Zergling x2  
  19  1:39  Extractor  
  21  1:50  Hatchery  
  21  1:52  Zergling x2  
  21  1:59  Metabolic Boost  
  21  2:05  Overlord  
  21  2:11  Drone  
  22  2:23  Queen  
  22  2:24  Drone  
  22  2:25  Drone  
  26  2:32  Zergling x2  
  27  2:43  Zergling x2  
  27  2:44  Zergling x4  
  28  2:47  Overlord  
  29  2:56  Zergling x2  
  30  3:06  Zergling x2  
Tags
 
Add a new tag
Caveats
  • Supply blocks, unpowered buildings, or Contaminate may cause inaccurate times.
  • Supply counts are checked every 10 seconds.